 Dungeon Crawl Stone Soup version 0.21.1-1-g345015fe64 (webtiles) character file.

6447 Gargoyl the Protected (level 10, -2/83 HPs)
             Began as a Centaur Abyssal Knight on July 10, 2018.
             Was an Elder of Lugonu.
             Slain by an iguana (4 damage)
             ... on level 10 of the Dungeon.
             The game lasted 00:16:37 (13004 turns).

Gargoyl the Protected (Centaur Abyssal Knight)     Turns: 13004, Time: 00:16:38

Health: -2/83      AC: 15    Str: 17    XL:     10   Next: 67%
Magic:  15/15      EV:  4    Int: 11    God:    Lugonu [****..]
Gold:   379        SH:  0    Dex: 10    Spells: 9/9 levels left

rFire    . . .     SeeInvis .   q - +5 battleaxe
rCold    . . .     Gourm    .   (shield currently unavailable)
rNeg     . . .     Faith    .   d - +2 plate armour
rPois    .         Spirit   .   (no helmet)
rElec    .         Reflect  .   n - +0 cloak
rCorr    .         Harm     .   (no gloves)
MR       +....                  (no barding)
Stlth    ..........             o - amulet of rage
HPRegen  0.23/turn              g - ring of protection from magic
MPRegen  0.14/turn              (no ring)

@: very quick
A: large, hooves 3, deformed body, speed 2, tough skin 3
a: Depart the Abyss, Bend Space, Banish, Corrupt, Renounce Religion, Evoke
Berserk Rage


You were on level 10 of the Dungeon.
You worshipped Lugonu.
Lugonu was greatly pleased with you.
You were not hungry.

You visited 1 branch of the dungeon, and saw 10 of its levels.
You visited the Abyss 1 time.
You also visited: Ossuary.

You collected 379 gold pieces.

Inventory:

Hand Weapons
 a - a +3 hand axe of freezing
 q - a +5 battleaxe (weapon)
Missiles
 w - 3 javelins (quivered)
Armour
 d - a +2 plate armour (worn)
 n - a +0 cloak (worn)
Jewellery
 g - a ring of protection from magic (left hand)
 o - an amulet of rage (around neck)
Wands
 b - a wand of flame (30)
 e - a wand of paralysis (3)
 h - a wand of acid (1)
 u - a wand of random effects (34)
Scrolls
 l - 2 scrolls of blinking
 p - 2 scrolls of identify
 r - a scroll of magic mapping
 s - 2 scrolls of teleportation
 t - 5 scrolls of amnesia
 x - 5 scrolls of remove curse
Potions
 f - 3 potions of magic
 i - 2 potions of flight
 j - 2 potions of lignification
 k - a potion of haste
 m - a potion of agility
Comestibles
 c - 28 rations


   Skills:
 + Level 6.1 Fighting
 + Level 7.8 Axes
 + Level 0.5 Throwing
 * Level 8.1 Armour
 + Level 1.2 Dodging
   Level 1.6 Shields
 * Level 7.8 Invocations
 + Level 1.3 Evocations


You had 9 spell levels left.
You didn't know any spells.

Dungeon Overview and Level Annotations

Branches:
Dungeon (10/15)            Temple (0/1) D:4            Lair (0/6) D:9
    Orc: D:9-12

Altars:
Ashenzari
Gozag
Kikubaaqudgha
Nemelex Xobeh
Okawaru
Ru
Uskayaw
Vehumet

Annotations:
D:3 2 transporters


Innate Abilities, Weirdness & Mutations

You have hooves in place of feet.
Armour fits poorly on your strangely shaped body.
You cover ground very quickly.
You have extremely tough skin. (AC +3)


Message History

You slice the two-headed ogre!!
You kill the two-headed ogre!
Lugonu accepts your kill.
Your Armour skill increases to level 8!
You hit the iguana. The iguana bites you!
* * * LOW HITPOINT WARNING * * *
Unknown command.
You hit the iguana but do no damage. Your kick misses the iguana.
The iguana is moderately wounded.
The iguana bites you but does no damage.
You closely miss the iguana.
The iguana is moderately wounded.
The iguana hisses menacingly.
The iguana barely misses you.
Your plate armour prevents you from hitting the iguana.
The iguana is moderately wounded.
The iguana bites you.
* * * LOW HITPOINT WARNING * * *
The iguana bites you.
You die...

#...(.(.#
+.....#.......#
#.....#...(...#
#.....#.......#
#.....#.......#
#.....#.(......
#.....#)l......
#.....#@...#
#.....'....#
..#######....#
.............#
#+######..<..#
#.....+ #.....#
+.....# #.....#


You could see an iguana.

Vanquished Creatures
  A two-headed ogre (D:10)
  An elephant (D:9)
  Joseph (D:8)
  A hornet (D:8)
  3 hippogriffs
  A spriggan (D:7)
  A basilisk (D:9)
  Duvessa (D:7)
  2 ice beasts
  3 sky beasts
  An eye of draining (D:8)
  A necrophage (D:8)
  A phantom (D:7)
  2 ogres (D:7)
  A crocodile (D:9)
  The ghost of patthesweetcat the Firebug, an amateur OpFE (D:3)
  A big kobold (D:7)
  4 bullfrogs
  2 water moccasin zombies (Ossuary)
  Dowan (D:7)
  3 scorpions
  6 killer bees (D:4)
  3 wights (D:8)
  10 howler monkeys (D:8)
  6 crimson imps
  A hound (D:9)
  3 orc priests
  7 orc wizards
  Crazy Yiuf (D:2)
  A jelly (D:9)
  A bullfrog skeleton (D:7)
  2 centaur skeletons
  Natasha (twice) (D:3)
  5 worker ants
  A big kobold zombie (Ossuary)
  3 hound skeletons
  3 mummies
  2 gnolls (D:8)
  2 howler monkey skeletons
  6 adders
  A shadow imp (D:9)
  An ooze (D:2)
  2 adder skeletons
  2 worms
  A dart slug (D:1)
  2 leopard geckos (D:7)
  22 orcs
  6 giant cockroaches
  A gnoll zombie (Ossuary)
  3 goblins
  9 hobgoblins
  8 jackals
  5 quokkas
  A ball python (D:2)
  9 bats
  3 frilled lizards
  A goblin zombie (D:4)
  6 hobgoblin zombies
  A jackal zombie (D:5)
  11 kobolds
  3 kobold zombies (Ossuary)
  A leopard gecko skeleton (D:7)
  9 orc zombies (Ossuary)
  A quokka skeleton (D:4)
  4 rats
211 creatures vanquished.

Vanquished Creatures (collateral kills)
  A hornet (D:8)
  A centaur (D:8)
  A gnoll sergeant (D:8)
  3 gnolls (D:8)
6 creatures vanquished.

Vanquished Creatures (others)
  A troll (D:9)
  A hippogriff (D:8)
  An orc wizard (D:4)
3 creatures vanquished.

Grand Total: 220 creatures vanquished

Notes
Turn   | Place    | Note
-------+----------+-------------------------------------------
     0 | Abyss:1  | Gargoyl the Centaur Abyssal Knight began the quest for the Orb.
     0 | Abyss:1  | Reached XP level 1. HP: 19/19 MP: 2/2
    45 | Abyss:2  | Noticed a ynoxinul
    51 | Abyss:2  | Noticed a green very ugly thing
    52 | Abyss:2  | Noticed a green very ugly thing
    52 | Abyss:2  | Noticed a green ugly thing
    56 | D:1      | Escaped the Abyss
   196 | D:1      | Reached XP level 2. HP: 22/26 MP: 3/3
   234 | D:1      | Reached * piety under Lugonu
  1304 | D:2      | Reached XP level 3. HP: 30/31 MP: 4/4
  1437 | D:2      | Found a runed door.
  1515 | D:2      | Found an opulent altar of Gozag.
  1515 | D:2      | Found an ancient bone altar of Kikubaaqudgha.
  1902 | D:2      | Noticed Crazy Yiuf
  1908 | D:2      | Killed Crazy Yiuf
  1908 | D:2      | Reached XP level 4. HP: 8/40 MP: 6/6
  2274 | D:3      | Found a transporter.
  2298 | D:3      | Noticed Natasha
  2312 | D:3      | Killed Natasha
  2312 | D:3      | Reached skill level 2 in Armour
  2570 | D:3      | Noticed patthesweetcat's ghost (amateur OpFE)
  2592 | D:3      | Killed patthesweetcat's ghost
  2592 | D:3      | Reached XP level 5. HP: 26/46 MP: 7/7
  2816 | D:3      | Reached ** piety under Lugonu
  2817 | D:3      | Found a transporter.
  3149 | D:3      | Noticed Natasha
  3154 | D:3      | Killed Natasha
  3513 | D:4      | Found a staircase to the Ecumenical Temple.
  3579 | D:4      | Reached XP level 6. HP: 51/52 MP: 8/8
  3777 | D:4      | Found a sand-covered staircase.
  3783 | Ossuary  | Entered an ossuary
  3901 | Ossuary  | Reached skill level 3 in Armour
  4150 | Ossuary  | Reached *** piety under Lugonu
  4526 | D:4      | Reached XP level 7. HP: 36/60 MP: 9/9
  5544 | D:4      | Reached skill level 1 in Shields
  5673 | D:4      | Reached skill level 4 in Armour
  5699 | D:4      | Reached skill level 1 in Dodging
  6097 | D:5      | Entered Level 5 of the Dungeon
  6643 | D:5      | Reached XP level 8. HP: 52/67 MP: 11/11
  6970 | D:5      | Found a sparkling altar of Nemelex Xobeh.
  7179 | D:6      | Reached skill level 5 in Invocations
  7928 | D:7      | Found a shattered altar of Ashenzari.
  7928 | D:7      | Found a radiant altar of Vehumet.
  7929 | D:7      | Found a sacrificial altar of Ru.
  7937 | D:7      | Reached skill level 5 in Axes
  8046 | D:7      | Found an iron altar of Okawaru.
  8117 | D:7      | Reached skill level 5 in Fighting
  8117 | D:7      | Reached skill level 5 in Armour
  8215 | D:7      | Found a hide-covered altar of Uskayaw.
  8239 | D:7      | Reached **** piety under Lugonu
  8561 | D:7      | Noticed a hippogriff
  8583 | D:7      | Killed a hippogriff
  8583 | D:7      | Reached skill level 1 in Evocations
  8751 | D:7      | Reached XP level 9. HP: 63/74 MP: 13/13
  8885 | D:7      | Noticed Duvessa
  8886 | D:7      | Noticed Dowan
  8913 | D:7      | Killed Duvessa
  8919 | D:7      | Killed Dowan
  9157 | D:7      | Reached skill level 6 in Armour
  9533 | D:8      | Noticed Joseph
  9559 | D:8      | Killed Joseph
 10315 | D:8      | Reached skill level 7 in Armour
 10709 | D:8      | Reached XP level 10. HP: 55/82 MP: 7/15
 11559 | D:9      | Found a staircase to the Lair.
 11559 | D:9      | Noticed an elephant
 11584 | D:9      | Killed an elephant
 11843 | D:9      | Found a shattered altar of Ashenzari.
 12983 | D:10     | Entered Level 10 of the Dungeon
 12991 | D:10     | Noticed a two-headed ogre
 13001 | D:10     | Killed a two-headed ogre
 13001 | D:10     | Reached skill level 8 in Armour
 13004 | D:10     | HP: 2/83 [iguana (6)]
 13004 | D:10     | Slain by an iguana

Skill      XL: |  1  2  3  4  5  6  7  8  9 10 |
---------------+-------------------------------+-----
Axes           | 2 3 4 5 6 7 |  7.8
Armour         | 2 3 4 5 7 8 |  8.1
Fighting       | 4 5 6 |  6.1
Invocations    | 3 4 5 6 7 |  7.8
Shields        | 1 |  1.6
Dodging        | 1 |  1.2
Evocations     | 1 |  1.3
Throwing       | |  0.5

Action                   |  1- 3 |  4- 6 |  7- 9 | 10-12 || total
-------------------------+-------+-------+-------+-------++-------
Melee: Hand axe          |    90 |   194 |   359 |       ||   643
       Kick              |    15 |    39 |    92 |    25 ||   171
       Battleaxe         |       |       |    31 |   109 ||   140
Throw: Javelin           |       |       |       |     7 ||     7
Invok: Depart the Abyss  |     1 |       |       |       ||     1
       Banish            |       |       |     2 |     2 ||     4
 Abil: Evoke Berserk Rag |       |       |     1 |       ||     1
Evoke: Wand              |       |       |    12 |     2 ||    14
  Use: Scroll            |     9 |     1 |    14 |     1 ||    25
       Potion            |       |       |     7 |       ||     7
  Eat: Ration            |     1 |     1 |     1 |     1 ||     4
       Chunk             |       |     3 |    15 |     4 ||    22
Armor: Plate armour      |   141 |   151 |   357 |   131 ||   780
       Skin              |       |       |    37 |       ||    37
Dodge: Dodged            |     5 |    12 |    56 |    26 ||    99
Block: Buckler           |    13 |    20 |    57 |       ||    90
